 Dungeon Crawl Stone Soup version 0.24-a0-201-gf205589 (webtiles) character file.

Game seed: 8124499168950395464

165 Borgoz the Cutter (level 5, -3/41 HPs)
             Began as a Ghoul Gladiator on Mar 23, 2019.
             Slain by a kobold (4 damage)
             ... on level 3 of the Dungeon.
             The game lasted 00:03:07 (1936 turns).

Borgoz the Cutter (Ghoul Gladiator)                 Turns: 1936, Time: 00:03:08

Health: -3/41      AC:  4    Str: 18    XL:     5   Next: 46%
Magic:  4/4        EV: 13    Int:  4    God:
Gold:   170        SH:  0    Dex: 12    Spells: 4/4 levels left

rFire    . . .     SeeInvis .   a - +0 rapier
rCold    + . .     Gourm    .   (no shield)
rNeg     + + +     Faith    .   b - +0 leather armour
rPois    ∞         Spirit   .   c - +0 helmet
rElec    .         Reflect  .   (no cloak)
rCorr    .         Harm     .   (no gloves)
MR       .....                  (no boots)
Stlth    ++........             (no amulet)
HPRegen  0.00/turn              h - +2 ring of dexterity
MPRegen  0.09/turn              (no ring)

@: rotting
A: rotting body, claws 1, carnivore, cold resistance 1, negative energy
resistance 3, inhibited regeneration, torment resistance, unbreathing
a: no special abilities


You were on level 3 of the Dungeon.
You were not hungry.

You visited 1 branch of the dungeon, and saw 3 of its levels.

You collected 170 gold pieces.

Inventory:

Hand Weapons
 a - a +0 rapier (weapon)
Missiles
 d - 3 throwing nets (quivered)
 m - 10 poisoned needles
Armour
 b - a +0 leather armour (worn)
 c - a +0 helmet (worn)
Jewellery
 h - a +2 ring of dexterity (left claw)
Wands
 e - a wand of scattershot (6)
Scrolls
 g - 4 scrolls of identify
 j - a scroll of teleportation {unknown}
 l - 2 scrolls of remove curse
 n - 3 scrolls of magic mapping
 o - a scroll of immolation {unknown}
Potions
 i - a potion of brilliance
Comestibles
 f - 7 rations


   Skills:
 - Level 2.1 Fighting
 + Level 3.5 Short Blades
 - Level 1.7 Throwing
 + Level 2.1 Armour
 + Level 3.5 Dodging
 + Level 2.6 Stealth


You had 4 spell levels left.
You didn't know any spells.
Your spell library was empty.

Dungeon Overview and Level Annotations

Branches:
Dungeon (3/15)

Altars:


Innate Abilities, Weirdness & Mutations

Your body is rotting away.
You thrive on raw meat.
You are immune to poison.
You have sharp fingernails.
You are carnivorous and can eat meat at any time.
Your flesh is cold resistant. (rC+)
You are immune to negative energy. (rN+++)
You do not regenerate when monsters are visible.
You are immune to unholy pain and torment.
You can survive without breathing.


Message History

The orc priest barely misses you.
You barely miss the orc priest.
The orc priest is severely wounded.
The orc priest closely misses you.
You barely miss the orc priest.
The orc priest is severely wounded.
The orc priest hits you.
* * * LOW HITPOINT WARNING * * *
You hit the orc priest but do no damage.
The orc priest is severely wounded.
The orc priest closely misses you.
You hit the orc priest.
You kill the orc priest!
Your Armour skill increases to level 2!
You barely miss the kobold. The kobold hits you.
* * * LOW HITPOINT WARNING * * *
You closely miss the kobold. The kobold barely misses you.
You completely miss the kobold. The kobold closely misses you.
You completely miss the kobold. The kobold hits you.
You die...

#### ### #.. ..# #.##### #.#
##)....# #.#
#######.#.##.#####.#######
.......###.#....@K......>#
#.###.#.#..#######.#####.## ###
#.# #.#....##.............. r.#
........#.....?.#.......... #.#
...........##.#.##..####.#.##.#
#.###.##...##.#.##..# #...o#.#
#.# #......##.#.##..# #.<..###
#.# ####...##.#.##..# #.......
#.# #............. ...........


You could see a kobold.

Vanquished Creatures
  An orc priest (D:3)
  2 orc wizards (D:3)
  An adder (D:2)
  2 oozes
  5 leopard geckos (D:3)
  5 orcs (D:3)
  6 giant cockroaches
  2 goblins (D:1)
  7 hobgoblins
  9 jackals (D:2)
  A quokka (D:2)
  A bat (D:2)
  6 frilled lizards
  A kobold (D:3)
  A leopard gecko skeleton (D:2)
  4 rats
54 creatures vanquished.

Notes
Turn   | Place    | Note
-------+----------+-------------------------------------------
     0 | D:1      | Borgoz the Ghoul Gladiator began the quest for the Orb.
     0 | D:1      | Reached XP level 1. HP: 17/17 MP: 0/0
   325 | D:1      | Reached XP level 2. HP: 23/23 MP: 1/1
   437 | D:1      | Reached skill level 1 in Stealth
   677 | D:2      | Reached skill level 1 in Armour
   677 | D:2      | Reached XP level 3. HP: 19/29 MP: 2/2
  1446 | D:3      | Reached XP level 4. HP: 30/36 MP: 3/3
  1912 | D:3      | Reached XP level 5. HP: 24/41 MP: 4/4
  1930 | D:3      | HP: 2/41 [orc priest (2)]
  1936 | D:3      | Slain by a kobold

Levels and vault maps discovered:
D:1:      noname_arrival_rooms_in_the_neighbourhood, layout_basic
D:2:      layout_basic
D:3:      layout_loops_ring

Skill      XL: |  1  2  3  4  5 |
---------------+----------------+-----
Stealth        | 1 2 |  2.6
Short Blades   | 3 |  3.5
Dodging        | 3 |  3.5
Armour         | 1 2 |  2.1
Fighting       | |  2.1
Throwing       | |  1.7

Action                   |  1- 3 |  4- 6 || total
-------------------------+-------+-------++-------
Melee: Rapier            |   135 |    88 ||   223
  Use: Scroll            |     3 |     1 ||     4
       Potion            |     2 |       ||     2
 Stab: Sleeping          |     1 |     1 ||     2
  Eat: Chunk             |    11 |    14 ||    25
Armor: Leather armour    |    39 |    12 ||    51
Dodge: Dodged            |   102 |    41 ||   143

Table legend:
 A = Non-vault XP
 B = Vault XP
 C = Vault XP percentage of total XP
 D = Non-vault monster count
 E = Vault monster count
 F = Vault count percentage of total count
                 A         B        C        D         E       F
            +---------+---------+-------+---------+---------+-------
      Total |     237 |       0 |   0.0 |      54 |       0 |   0.0
            +---------+---------+-------+---------+---------+-------
        D:1 |      22 |       0 |   0.0 |      13 |       0 |   0.0
        D:2 |      51 |       0 |   0.0 |      19 |       0 |   0.0
        D:3 |     164 |       0 |   0.0 |      22 |       0 |   0.0
            +---------+---------+-------+---------+---------+-------
